 Dungeon Crawl Stone Soup version 0.30-a0-996-ga6910c8ee8 (webtiles) character file.

Game seed: 460232716030700661

212 ThatPearl the Ruffian (level 5, 0/60 HPs)
             Began as a Draconian Transmuter on Apr 4, 2023.
             Slain by a sky beast (2 damage)
             ... on level 4 of the Dungeon.
             The game lasted 00:03:45 (2339 turns).

ThatPearl the Ruffian (Draconian Transmuter)        Turns: 2339, Time: 00:03:45

Health: 0/60       AC: 22    Str: 12    XL:     5   Next: 58%
Magic:  8/8        EV:  2    Int: 16    God:
Gold:   138        SH:  0    Dex: 11    Spells: 7/8 levels left

rFire   . . .      SeeInvis .      - Unarmed
rCold   . . .      Faith    .    (no shield)
rNeg    . . .      Spirit   .    (body armour unavailable)
rPois   +          Reflect  .    (helmet currently unavailable)
rElec   .          Rampage  .    (cloak currently unavailable)
rCorr   .          NoTele   +    (gloves currently unavailable)
Will    .....                    (boots currently unavailable)
Stlth   +                        (no amulet)
HPRegen 0.30/turn                (no ring)
MPRegen 0.11/turn                (no ring)

@: tree-form
A: stationary, stasis, torment immunity, boosted hp, AC +5, unfitting armour,
(cold-blooded)
a: no special abilities


You were on level 4 of the Dungeon.
You were a tree.
You visited 1 branch of the dungeon, and saw 4 of its levels.

You collected 138 gold pieces.

Inventory:

Hand Weapons
 b - a +0 sling
Scrolls
 f - 2 scrolls of magic mapping {unknown}
 g - a scroll of blinking {unknown}
 h - 2 scrolls of summoning {unknown}
 i - 3 scrolls of identify {unknown}
 k - a scroll of noise {unknown}
 l - a scroll of amnesia {unknown}
 m - a scroll of teleportation {unknown}
Potions
 a - 3 potions of lignification
 c - 2 potions of attraction {unknown}
 d - 3 potions of curing {unknown}
 e - a potion of mutation {unknown}
 j - a potion of heal wounds {unknown}
 n - a potion of haste {unknown}
 o - a potion of might {unknown}


   Skills:
 - Level 1.1 Fighting
 - Level 1.7 Dodging
 + Level 4.9 Unarmed Combat
 - Level 2.0 Spellcasting
 + Level 4.3 Transmutations


You had 7 spell levels left.
You knew the following spells:

 Your Spells              Type           Power      Damage    Failure   Level
a - Beastly Appendage     Tmut           30%        N/A       3%          1

Your spell library contained the following spells:

 Spells                   Type           Power      Damage    Failure   Level
 Wereblood                Tmut           15%        N/A       5%          2
 Spider Form              Tmut/Pois      8%         N/A       26%         3
 Ice Form                 Ice/Tmut       8%         N/A       63%         4


Dungeon Overview and Level Annotations

Branches:
Dungeon (4/15)
 Temple: D:4-7

Altars:


Innate Abilities, Weirdness & Mutations

You are a tree.
Your roots penetrate the ground, keeping you stationary.
You cannot be teleported.
You are immune to unholy pain and torment.
Your maximum health is greatly increased.
Your equipment is partially melded.
((Your plain brown scales are hard. (AC +5)))
You cannot fit into any form of body armour.
((You are cold-blooded and may be slowed by cold attacks.))


Message History

Something shocks you.
You barely miss something.
Your tail-slap misses something.
Something hits you but does no damage.
You miss something. Your kick misses something. Your headbutt misses something.
Something hits you. Something shocks you.
* * * LOW HITPOINT WARNING * * *
You barely miss something. Your kick misses something. You miss something.
Your headbutt misses something. Something hits you but does no damage.
You barely miss something. Your kick misses something.
Your headbutt misses something. Something hits you but does no damage.
You hit something. Your kick misses something.
Something hits you but does no damage.
You barely miss something. Your kick misses something.
Your tail-slap misses something.
Your transformation is almost over.
Something hits you but does no damage.
You closely miss something. Your kick misses something.
Your tail-slap misses something.
Something hits you but does no damage.
You hit something but do no damage. Something hits you.
* * * LOW HITPOINT WARNING * * *
Something shocks you.
* * * LOW HITPOINT WARNING * * *
Really quaff the potion of lignification?
Okay, then.
Okay, then.
Really quaff the potion of lignification?
Your horns disappear.
Your talons disappear.
You turn into a tree.
Your roots penetrate the ground.
Something hits you.
* * * LOW HITPOINT WARNING * * *
Something shocks you.
* * * LOW HITPOINT WARNING * * *
Unknown command.
You cannot move.
You cannot move.
You cannot move.
You cannot move.
You smack something!
Something hits you but does no damage.
You hit something. Something hits you.
You die...

##......##.##
###).......#.<##
#####........#.##..#
#.....###.........##
#..######....##)..#
##...........†..###
####...#....)...#
#.#.#....###...#
#♣#......# #...#
#{##.... #....
#........#.... ....
#)............ ...
#.....?..###.. ..
###...#### #... #...
#..=


There were no monsters in sight!

Vanquished Creatures
  An ogre (D:4)
  A scorpion (D:4)
  2 adders
  A worm (D:3)
  A dart slug (D:3)
  An orc (D:3)
  6 ball pythons
  3 bats
  2 endoplasms
  3 giant cockroaches
  9 goblins
  3 hobgoblins
  2 quokkas
  3 frilled lizards
  4 kobolds
  4 rats
46 creatures vanquished.

Vanquished Creatures (others)
  4 toadstools (D:1)
4 creatures vanquished.

Grand Total: 50 creatures vanquished

Notes
Turn   | Place    | Note
-------+----------+-------------------------------------------
     0 | D:1      | ThatPearl the Draconian Transmuter began the quest for the
                  | Orb.
     0 | D:1      | Reached XP level 1. HP: 16/16 MP: 3/3
   206 | D:1      | Reached XP level 2. HP: 23/23 MP: 3/5
   936 | D:2      | Reached XP level 3. HP: 13/28 MP: 6/6
  2096 | D:4      | Noticed a scorpion
  2101 | D:4      | Reached XP level 4. HP: 24/35 MP: 5/7
  2107 | D:4      | Killed a scorpion
  2221 | D:4      | Noticed an ogre
  2231 | D:4      | Killed an ogre
  2232 | D:4      | Reached XP level 5. HP: 21/40 MP: 6/8
  2318 | D:4      | Noticed a sky beast
  2337 | D:4      | HP: 2/60 [something (5)]
  2339 | D:4      | Slain by a sky beast

Illustrated notes

Levels and vault maps discovered:
D:1:      ldierk_walled_garden_2, layout_rooms
D:2:      layout_basic
D:3:      layout_loops_ring
D:4:      layout_rooms, amethyst_overflow_temple_binary, roderic_batcave,
          uniq_grinder

Skill      XL: |  1  2  3  4 |
---------------+-------------+-----
Transmutations | 3 4 |  4.3
Unarmed Combat | 4 |  4.9
Fighting       | |  1.1
Dodging        | |  1.7
Spellcasting   | |  2.0

Action                     |  1- 3 |  4- 6 || total
---------------------------+-------+-------++-------
  Melee: Unarmed           |   105 |    32 ||   137
         Tailslap          |    11 |     2 ||    13
         Kick              |    15 |     5 ||    20
         Headbutt          |     9 |     1 ||    10
         Punch             |     1 |       ||     1
   Fire: Sling             |     3 |     3 ||     6
   Cast: Beastly Appendage |    34 |     2 ||    36
    Use: Potion            |       |     1 ||     1
 Armour: Skin              |    30 |    14 ||    44
  Dodge: Dodged            |    73 |    11 ||    84

Table legend: (Time is in decaauts)
 A = Elapsed time spent in this place.
 B = Non-inter-level travel time spent in this place.
 C = Inter-level travel time spent in this place.
 D = Time resting spent in this place.
 E = Time spent auto-exploring this place.
 F = Levels seen in this place.
 G = Mean time per level.
                   A        B        C        D        E       F      G
               +--------+--------+--------+--------+--------+-----+--------+
         Total |   2336 |   2229 |    107 |    169 |   1679 |   4 |  584.0 |
       Dungeon |   2336 |   2229 |    107 |    169 |   1679 |   4 |  584.0 |
               +--------+--------+--------+--------+--------+-----+--------+

Top non-repeatable levels by time:
     D:3: 785 daAuts
     D:2: 743 daAuts
     D:1: 561 daAuts
     D:4: 245 daAuts
